 Dungeon Crawl Stone Soup version bcrawl-1.21.2-1-g32d02e0829 (webtiles) character file.

Game seed: 4499489921872226313

1355 Mrkan the Chopper (level 8, -3/62 HPs)
             Began as a Demonspawn Gladiator on Feb 19, 2020.
             Was an Initiate of Makhleb.
             Splashed by a jelly's acid (8 damage)
             ... on level 5 of the Dungeon.
             The game lasted 00:07:05 (4466 turns).

Mrkan the Chopper (Demonspawn Gladiator)            Turns: 4466, Time: 00:07:05

Health: -3/62      AC:  7    Str: 17    XL:     8   Next: 37%
Magic:  10/10      EV:  9    Int:  9    God:    Makhleb [......]
Gold:   304        SH:  0    Dex: 15    Spells: 7/7 levels left

rFire    . . .     SeeInvis .   v - +2 hand axe (chop)
rCold    . . .     Gourm    .   (no shield)
rNeg     . . .     Faith    .   n - +0 chain mail
rPois    .         Spirit   .   (helmet unavailable)
rElec    .         Reflect  .   g - +2 cloak
rCorr    .         Harm     .   (no gloves)
MR       .....                  (no boots)
Stlth    ..........             (no amulet)
HPRegen  0.20/turn              (no ring)
MPRegen  0.12/turn              (no ring)

@: corroded
A: horns 3, icy blue scales 2
a: Renounce Religion


You were on level 5 of the Dungeon.
You worshipped Makhleb.
Makhleb was noncommittal.
You were very hungry.

You visited 2 branches of the dungeon, and saw 6 of its levels.

You collected 304 gold pieces.

Inventory:

Hand Weapons
 v - a +2 hand axe of chopping (weapon)
Missiles
 d - 3 throwing nets (quivered) {!f}
Armour
 g - a +2 cloak (worn)
 n - a +0 chain mail (worn)
 y - the +9 scales of the Dragon King {rPois rF+ rC+ MR+}
   (You found it on level 5 of the Dungeon)

   It protects you from fire.
   It protects you from cold.
   It protects you from poison.
   It affects your resistance to hostile enchantments.
Jewellery
 a - a +4 ring of protection {unknown}
 t - an uncursed ring of magical power {unknown}
 x - an uncursed ring of ice {unknown}
Wands
 w - a wand of flame (27)
Scrolls
 b - a scroll of immolation {unknown}
 c - 2 scrolls of magic mapping {unknown}
 h - 4 scrolls of amnesia {unknown}
 i - 2 scrolls of noise {unknown}
 j - 2 scrolls of remove curse {unknown}
 o - a scroll of fog {unknown}
 p - a scroll of blinking {unknown}
 s - a scroll of identify {unknown}
 z - 2 scrolls of teleportation {unknown}
Potions
 f - 3 potions of mutation {unknown}
 k - a potion of cancellation {unknown}
 l - 2 potions of brilliance {unknown}
 m - a potion of lignification {unknown}
 q - a potion of flight {unknown}
 r - a potion of degeneration {unknown}
 u - a potion of curing {unknown}
Comestibles
 e - 9 rations {!d}


   Skills:
 + Level 5.0 Fighting
 * Level 6.7 Axes
 - Level 1.7 Throwing
 * Level 3.3 Armour
 - Level 4.3 Dodging
 + Level 3.2 Invocations


You had 7 spell levels left.
You didn't know any spells.
Your spell library contained the following spells:

 Spells                   Type           Power        Failure   Level  Hunger
 Sting                    Conj/Pois      #...         99%         1    ##.....
 Poisonous Vapours        Pois/Air       #.....       100%        2    ###....
 Ignite Poison            Fire/Tmut/Pois #.......     100%        3    ####...
 Olgreb's Toxic Radiance  Pois           #.......     100%        4    #####..
 Summon Scorpions         Summ/Pois      #.......     100%        4    #####..
 Venom Bolt               Conj/Pois      #.........   100%        5    ######.


Dungeon Overview and Level Annotations

Branches:
Dungeon (5/12)             Temple (1/1) D:4

Altars:
Cheibriados
Elyvilon
Fedhas
Hepliaklqana
Lugonu
Makhleb
Nemelex Xobeh
Okawaru
Qazlal
Ru
Sif Muna
Trog
Wu Jian
Yredelemnul
The Shining One

Shops:
D:4 ?


Innate Abilities, Weirdness & Mutations

You have a pair of large horns on your head.
You are mostly covered in icy blue scales. (AC +3)


Message History

Your Fighting skill increases to level 5!
Your Armour skill increases to level 3!
Your Invocations skill increases to level 3!
The jelly hits you but does no damage. The ooze hits you but does no damage.
The jelly hits the fungus.
The fungus is splashed with acid!
The fungus seems to be corroded for longer.
The fungus is destroyed!
You hit the ooze but do no damage.
The ooze is severely wounded.
You hit the jelly.
Your hands burn!
* * * LOW HITPOINT WARNING * * *
You hit the jelly.
You kill the jelly!
Makhleb accepts your kill.
You hit the ooze. The ooze hits you but does no damage. The ooze hits you.
* * * LOW HITPOINT WARNING * * *
The jelly hits you.
* * * LOW HITPOINT WARNING * * *
The acid corrodes you!
You are splashed with acid!
You die...

#.......# #..# #.
#.......# #.####.
#.......# #.##...
#....#### #....##
#....'..###....##
########.##......
##...)..###......
##J####### #......
#@J...P... #......
#J.J..J.P. #......
#J.......÷ #......
#÷÷÷.÷..P. #......
.#. #.P.P.P.P.
#...... ...
#.P.....÷$ #....##
#.# ##########
####### #. #.#
############### #
##.#.
#.###.##......#...##
##


You could see a slime creature, 2 jellies and 3 oozes.

Vanquished Creatures
  A slime creature (D:5)
  Edmund (D:5)
  A phantom (D:4)
  5 big kobolds (D:5)
  2 scorpions
  A howler monkey (D:4)
  2 crimson imps (D:4)
  A hound (D:5)
  A bullfrog skeleton (D:4)
  3 jellies (D:5)
  4 worker ants
  10 adders
  2 oozes
  6 worms
  3 dart slugs
  3 leopard geckos
  14 orcs
  3 giant cockroaches
  A goblin (D:2)
  5 hobgoblins
  3 jackals
  2 quokkas
  A ball python (D:4)
  6 bats
  A frilled lizard (D:2)
  14 kobolds
  8 rats
104 creatures vanquished.

Vanquished Creatures (others)
  2 fungi (D:5)
  5 toadstools (D:5)
7 creatures vanquished.

Grand Total: 111 creatures vanquished

Notes
Turn   | Place    | Note
-------+----------+-------------------------------------------
     0 | D:1      | Mrkan the Demonspawn Gladiator began the quest for the Orb.
     0 | D:1      | Reached XP level 1. HP: 16/16 MP: 1/1
    21 | D:1      | Reached skill level 3 in Axes
    32 | D:1      | Gained mutation: You are partially covered in icy blue
                  | scales. (AC +2) [demonic ancestry]
    32 | D:1      | Reached XP level 2. HP: 18/22 MP: 2/2
   379 | D:1      | Gained mutation: You have a pair of small horns on your
                  | head. [demonic ancestry]
   379 | D:1      | Reached XP level 3. HP: 27/28 MP: 3/3
   734 | D:2      | Gained mutation: You have a pair of horns on your head.
                  | [demonic ancestry]
   734 | D:2      | Reached XP level 4. HP: 8/34 MP: 4/4
  1534 | D:3      | Reached skill level 4 in Axes
  1663 | D:3      | Gained mutation: You are mostly covered in icy blue scales.
                  | (AC +3) [demonic ancestry]
  1663 | D:3      | Reached XP level 5. HP: 40/41 MP: 5/5
  2407 | D:4      | Noticed a phantom
  2455 | D:4      | Killed a phantom
  2455 | D:4      | Reached XP level 6. HP: 30/48 MP: 6/6
  2549 | D:4      | Reached skill level 5 in Axes
  2882 | D:4      | Found a staircase to the Ecumenical Temple.
  2932 | D:4      | Gained mutation: You have a pair of large horns on your
                  | head. [demonic ancestry]
  2932 | D:4      | Reached XP level 7. HP: 51/54 MP: 7/7
  3236 | Temple   | Entered the Ecumenical Temple
  3307 | Temple   | Became a worshipper of Makhleb the Destroyer
  3368 | D:4      | Found a bloodstained altar of Trog.
  3455 | D:4      | Found Melid's Magic Scroll Shop.
  3825 | D:5      | Entered Level 5 of the Dungeon
  3825 | D:5      | Noticed Edmund
  3840 | D:5      | Killed Edmund
  3840 | D:5      | Reached skill level 1 in Armour
  3840 | D:5      | Reached skill level 1 in Invocations
  3882 | D:5      | Found a blossoming altar of Fedhas.
  3883 | D:5      | Found the +9 scales of the Dragon King {rPois rF+ rC+ MR+}
  3886 | D:5      | Found a hazy altar of Hepliaklqana.
  4117 | D:5      | Reached skill level 6 in Axes
  4139 | D:5      | Reached XP level 8. HP: 7/61 MP: 9/9
  4457 | D:5      | Noticed a slime creature
  4457 | D:5      | Noticed a slime creature
  4465 | D:5      | Killed a slime creature
  4465 | D:5      | Reached skill level 5 in Fighting
  4466 | D:5      | Splashed by a jelly's acid

Skill      XL: |  1  2  3  4  5  6  7  8 |
---------------+-------------------------+-----
Axes           | 3 4 5 6 |  6.7
Dodging        | 3 4 |  4.3
Fighting       | 3 4 5 |  5.0
Armour         | 2 3 |  3.3
Invocations    | 2 3 |  3.2
Throwing       | |  1.7

Action                   |  1- 3 |  4- 6 |  7- 9 || total
-------------------------+-------+-------+-------++-------
Melee: War axe           |    68 |    85 |       ||   153
       Headbutt          |     8 |    31 |    18 ||    57
       Hand axe          |       |    67 |    73 ||   140
  Eat: Chunk             |       |     7 |       ||     7
       Ration            |       |       |     1 ||     1
Armor: Leather armour    |    31 |     1 |       ||    32
       Chain mail        |       |    90 |    70 ||   160
Dodge: Dodged            |    71 |    67 |    45 ||   183
